 Dungeon Crawl Stone Soup version 0.23.2-1-ga50397a6bc (webtiles) character file.

Game seed: 10606428055310247272

444 Raskolek the Cutter (level 6, 0/56 HPs)
             Began as a Minotaur Berserker on May 25, 2019.
             Was a Believer of Trog.
             Slain by an iguana (9 damage)
             ... on level 4 of the Dungeon.
             The game lasted 00:10:07 (3873 turns).

Raskolek the Cutter (Minotaur Berserker)            Turns: 3873, Time: 00:10:08

Health: 0/56       AC:  6    Str: 23    XL:     6   Next: 72%
Magic:  5/5        EV: 12    Int:  4    God:    Trog [**....]
Gold:   159        SH:  0    Dex: 10    Spells: 5/5 levels left

rFire    . . .     SeeInvis .   a - +0 short sword
rCold    . . .     Gourm    .   (no shield)
rNeg     . . .     Faith    .   g - +0 ring mail
rPois    .         Spirit   .   (helmet restricted)
rElec    .         Reflect  .   (no cloak)
rCorr    .         Harm     .   (no gloves)
MR       ++...                  (no boots)
Stlth    +.........             (no amulet)
HPRegen  1.18/turn              (no ring)
MPRegen  0.09/turn              (no ring)

@: regenerating
A: retaliatory headbutt, horns 2
a: Berserk, Trog's Hand, Renounce Religion


You were on level 4 of the Dungeon.
You worshipped Trog.
Trog was pleased with you.
You were hungry.

You visited 1 branch of the dungeon, and saw 4 of its levels.

You collected 159 gold pieces.

Inventory:

Hand Weapons
 a - a +0 short sword (weapon)
 l - a +0 dagger of draining
Armour
 b - a +0 animal skin
 g - a +0 ring mail (worn)
Jewellery
 q - an uncursed ring of flight {unknown}
Wands
 r - a wand of polymorph (9)
Scrolls
 d - 2 scrolls of enchant weapon {unknown}
 e - 4 scrolls of identify {unknown}
 f - a scroll of magic mapping {unknown}
 j - a scroll of amnesia {unknown}
 k - a scroll of fog {unknown}
 m - a scroll of fear {unknown}
 n - 2 scrolls of enchant armour {unknown}
 p - a scroll of teleportation {unknown}
 t - a scroll of remove curse {unknown}
Potions
 h - a potion of degeneration {unknown}
 i - 3 potions of might {unknown}
 o - 2 potions of magic {unknown}
Comestibles
 c - 7 rations
 s - 3 chunks of flesh


   Skills:
 + Level 5.0 Fighting
 + Level 5.7 Short Blades
 + Level 5.1 Armour
 + Level 3.3 Dodging
 + Level 1.1 Stealth


You had 5 spell levels left.
You didn't know any spells.
Your spell library was empty.

Dungeon Overview and Level Annotations

Branches:
Dungeon (4/15)
 Temple: D:4-7

Altars:
Cheibriados
Elyvilon
Nemelex Xobeh


Innate Abilities, Weirdness & Mutations

You reflexively headbutt those who attack you in melee.
You have a pair of horns on your head.


Message History

The iguana is moderately wounded.
The iguana bites you!
You hit the iguana but do no damage. You headbutt the iguana!
The iguana is almost dead.
The iguana closely misses you.
You hit the iguana.
You headbutt the iguana, but do no damage.
The iguana is almost dead.
The iguana bites you but does no damage.
You closely miss the iguana.
The iguana is almost dead.
The iguana bites you!
You closely miss the iguana.
The iguana is almost dead.
The iguana bites you!
* * * LOW HITPOINT WARNING * * *
Your skin crawls.
You feel resistant to hostile enchantments.
You feel somewhat more hungry. The iguana bites you!
You die...

...............#### ####
.##................ .<..
....######........# .(..
....# #......##... ....
..#.###.....###.## #..
.........#....#.#### ##.
#.
...##.##................
#.
###...#........#l##.....
#. #
.....>...÷..#@....... #.
.# ..............#....#
## ... .............##
... # ..#..###.........#
. # .# #....###'### . ##
#....# ≈.≈≈ .. ##...
≈8.8≈# #### +.._..+
#≈8.8≈#


You could see an iguana.

Vanquished Creatures
  An ogre (D:4)
  A water moccasin zombie (D:4)
  A scorpion (D:3)
  2 hounds (D:4)
  3 worker ants (D:4)
  4 adders
  An ooze (D:4)
  An adder skeleton (D:4)
  4 worms
  2 dart slugs
  2 leopard geckos
  4 orcs
  5 giant cockroaches
  4 hobgoblins
  2 jackals (D:2)
  2 quokkas
  6 bats
  3 frilled lizards (D:1)
  6 goblins
  6 kobolds
  A quokka skeleton (D:4)
  7 rats
68 creatures vanquished.

Vanquished Creatures (others)
  A bat (D:3)
1 creature vanquished.

Grand Total: 69 creatures vanquished

Notes
Turn   | Place    | Note
-------+----------+-------------------------------------------
     0 | D:1      | Raskolek the Minotaur Berserker began the quest for the
                  | Orb.
     0 | D:1      | Reached XP level 1. HP: 19/19 MP: 0/0
   443 | D:1      | Reached XP level 2. HP: 27/27 MP: 1/1
   908 | D:1      | Reached ** piety under Trog
  1403 | D:2      | Reached XP level 3. HP: 33/33 MP: 2/2
  1404 | D:2      | Found a snail-covered altar of Cheibriados.
  2315 | D:3      | Reached XP level 4. HP: 40/41 MP: 3/3
  2351 | D:3      | Found a white marble altar of Elyvilon.
  3144 | D:4      | Reached XP level 5. HP: 43/47 MP: 4/4
  3150 | D:4      | Noticed an ogre
  3158 | D:4      | Killed an ogre
  3158 | D:4      | Reached skill level 5 in Short Blades
  3607 | D:4      | Reached XP level 6. HP: 41/55 MP: 5/5
  3753 | D:4      | Reached skill level 1 in Stealth
  3848 | D:4      | Reached skill level 5 in Fighting
  3848 | D:4      | Reached skill level 5 in Armour
  3857 | D:4      | Found a sparkling altar of Nemelex Xobeh.
  3873 | D:4      | Slain by an iguana

Skill      XL: |  1  2  3  4  5  6 |
---------------+-------------------+-----
Fighting       | 4 5 |  5.0
Armour         | 3 4 5 |  5.1
Short Blades   | 4 5 |  5.7
Dodging        | 3 |  3.3
Stealth        | 1 |  1.1

Action                   |  1- 3 |  4- 6 || total
-------------------------+-------+-------++-------
Melee: Short sword       |   128 |   109 ||   237
       Headbutt          |    15 |    19 ||    34
Invok: Trog's Hand       |       |     2 ||     2
       Berserk           |       |     1 ||     1
 Stab: Sleeping          |     1 |       ||     1
  Eat: Chunk             |     4 |     6 ||    10
Armor: Animal skin       |     2 |       ||     2
       Ring mail         |    36 |    25 ||    61
Dodge: Dodged            |    84 |    48 ||   132
